 Dungeon Crawl Stone Soup version 0.31.0-9-g3a7656b989 (webtiles) character file.

Game seed: 4448280159290347951

1475 qw the Nimble (level 8, -5/40 HPs)
             Began as a Spriggan Hunter on Feb 2, 2024.
             Slain by an ice beast (12 damage)
             ... on level 7 of the Dungeon.
             The game lasted 00:00:21 (3941 turns).

qw the Nimble (Spriggan Hunter)                     Turns: 3941, Time: 00:00:22

Health: -5/40      AC:  6    Str:  9    XL:     8   Next: 49%
Magic:  0/0        EV: 27    Int: 11    God:
Gold:   183        SH:  0    Dex: 26    Spells: 7/7 levels left

rFire   . . .        a - +0 shortbow
rCold   . . .        (shield currently unavailable)
rNeg    . . .        c - +0 robe
rPois   .            (helmet restricted)
rElec   +            (no cloak)
rCorr   .            (gloves unavailable)
SInv    +            (boots unavailable)
Will    +....        g - amulet of faith
Stlth   ++           e - ring of Qofis {Fly rElec MP-9 Str+2 Dex+6}
HPRegen 0.26/turn    d - +4 ring of protection
MPRegen 0.07/turn

%: faith
@: flying, very quick
A: very small, no large weapons, unfitting armour, see invisible, speed 3
a: no special abilities


You were on level 7 of the Dungeon.
You visited 1 branch of the dungeon, and saw 7 of its levels.

You collected 183 gold pieces.


Innate Abilities, Weirdness & Mutations

You are very small and have problems with some larger weapons.
You are too small for most types of armour.
You have supernaturally acute eyesight. (SInv)
You cover ground extremely quickly. (Speed+++)


   Skills:
 - Level 3.0 Fighting
 + Level 8.7 Ranged Weapons
 - Level 9.0 Dodging
 - Level 1.5 Stealth


You had 7 spell levels left.
You didn't know any spells.
Your spell library was empty.

Inventory:

Hand Weapons
 a - a +0 shortbow (weapon)
Armour
 c - a +0 robe (worn)
Jewellery
 b - a ring of fire
 d - a +4 ring of protection (right hand)
 e - the ring of Qofis (left hand) {Fly rElec MP-9 Str+2 Dex+6}
   (You acquired it on level 1 of the Dungeon)

   [ring of flight]

   Str+2:     It affects your strength (+2).
   Dex+6:     It affects your dexterity (+6).
   rElec:     It insulates you from electricity.
   MP-9:      It affects your magic capacity (-9).
   Fly:       It grants you flight.
 g - an amulet of faith (around neck)
Wands
 l - a wand of mindburst (6)
 m - a wand of flame (8)
Potions
 f - a potion of might
 i - a potion of cancellation {unknown}
 k - a potion of mutation {unknown}
 n - a potion of attraction {unknown}

Dungeon Overview and Level Annotations

Branches:
Dungeon (8/15)
 Temple: D:4-7         Lair: D:8-11

Altars:
Gozag

Annotations:
D:3 3 runed translucent doors, qw's ghost, amateur GrHu


Message History

You shoot an arrow. The arrow barely misses the orc priest.
The arrow hits the orc wizard.
The orc wizard is severely wounded.
The orc priest completely misses you.
You shoot an arrow. The arrow hits the orc priest.
You kill the orc priest!
You shoot an arrow.
The arrow closely misses the orc wizard.
The orc wizard misses you.
You shoot an arrow. The arrow hits the orc wizard!
You kill the orc wizard!
You shoot an arrow.
The arrow hits the orc but does no damage.
The orc misses you.
You shoot an arrow. The arrow hits the orc.
The orc is lightly wounded.
The orc hits you with a +0 short sword.
You shoot an arrow. The arrow hits the orc!
You kill the orc!
You start resting.
A wight comes into view. It is wielding a +0 falchion.
You shoot an arrow. The arrow hits the wight.
The wight is moderately damaged.
An ice beast comes into view.
You shoot an arrow. The arrow barely misses the ice beast.
You shoot an arrow. The arrow closely misses the ice beast.
You shoot an arrow. The arrow closely misses the ice beast.
The ice beast completely misses you.
You shoot an arrow. The arrow hits the wight.
The wight is severely damaged.
The wight closely misses you. The ice beast misses you.
You shoot an arrow. The arrow hits the wight!
You destroy the wight!
The ice beast barely misses you.
You shoot an arrow. The arrow closely misses the ice beast.
A wight comes into view. It is wielding a +0 morningstar.
The ice beast hits you but does no damage.
You shoot an arrow. The arrow barely misses the ice beast.
The ice beast hits you. The ice beast freezes you!
You die...

.# . .# ##
.###. .... #
#.. # .. #Y#
.#..# #@##.O.#
#)#...###
###.###........
..!....>.######
##......##
#.......#
#>.h.z..#
#..!....#
##.....##


You could see an ice beast and a wight.

Vanquished Creatures
  Menkaure (D:4)
  A water moccasin (D:5)
  A black bear (D:4)
  2 ogres
  A centaur (D:5)
  Blork the orc (D:4)
  3 scorpions
  A wight (D:7)
  3 howler monkeys (D:7)
  A hound (D:4)
  2 orc priests
  Jessica (D:3)
  Terence (D:3)
  A sleepcap (D:5)
  Natasha (thrice) (D:4)
  An iguana (D:5)
  3 orc wizards
  Robin (D:4)
  5 adders
  2 white imps (D:8)
  2 ufetubi (D:3)
  A ribbon worm (D:4)
  A dart slug (D:1)
  19 orcs
  6 endoplasms
  4 giant cockroaches
  12 goblins
  4 hobgoblins
  2 quokkas (D:1)
  6 ball pythons
  2 bats
  3 frilled lizards
  4 kobolds
  5 rats
106 creatures vanquished.

Notes
Turn   | Place    | Note
-------+----------+-------------------------------------------
     0 | D:1      | qw the Spriggan Hunter began the quest for the Orb.
     0 | D:1      | Reached XP level 1. HP: 10/10 MP: 2/2
     0 | D:1      | 0 ||| qw: Version: 0.3-a-155-g5e7d8dd
     0 | D:1      | 0 ||| qw: Game counter: 938
     0 | D:1      | 0 ||| qw: Melee chars always use a shield: true
     0 | D:1      | 0 ||| qw: God list: Okawaru
     0 | D:1      | 0 ||| qw: Allow faded altars: false
     0 | D:1      | 0 ||| qw: Do Orc after clearing Dungeon:15 true
     0 | D:1      | 0 ||| qw: Do second Lair branch before Depths: true
     0 | D:1      | 0 ||| qw: Lair rune preference: random
     0 | D:1      | 0 ||| qw: Goals: Normal
     0 | D:1      | 0 ||| PLANNING D:1-11
    88 | D:1      | Reached skill level 3 in Dodging
   190 | D:1      | Reached XP level 2. HP: 14/14 MP: 3/3
   243 | D:1      | Reached skill level 4 in Dodging
   557 | D:1      | 557 ||| UPGRADING to amulet of faith.
   562 | D:1      | 562 ||| READING 2 scrolls labelled UXOCRI UVUV.
   563 | D:1      | 563 ||| READING scroll labelled KIEKANIGYONN.
   589 | D:1      | 589 ||| READING scroll labelled CINOUZAADY.
   589 | D:1      | Identified a scroll of acquirement
   589 | D:1      | 589 ||| ACQUIRING ring of Qofis {Fly rElec MP-9 Str+2
                  | Dex+6}
   589 | D:1      | Acquired the ring of Qofis {Fly rElec MP-9 Str+2 Dex+6}
   591 | D:1      | 591 ||| UPGRADING to ring of Qofis {Fly rElec MP-9 Str+2
                  | Dex+6}.
   592 | D:1      | 592 ||| READING scroll labelled ZUUMO NOIQ.
   592 | D:1      | 592 ||| ENCHANTING +0 shortbow.
   593 | D:1      | 593 ||| DROPPING scroll of butterflies.
   594 | D:1      | 594 ||| DROPPING scroll of amnesia.
   954 | D:2      | Reached XP level 3. HP: 14/18 MP: 0/4
  1217 | D:2      | 1217 ||| READING scroll of acquirement.
  1217 | D:2      | 1217 ||| ACQUIRING ring of protection from cold
  1217 | D:2      | Acquired a ring of protection from cold
  1219 | D:2      | 1219 ||| UPGRADING to ring of protection from cold.
  1443 | D:2      | 1443 ||| READING scroll labelled GAURCH WARR.
  1444 | D:2      | 1444 ||| READING scroll labelled BYLIDO EZXEHE.
  1445 | D:2      | 1445 ||| READING scroll labelled QECZOVEUGU.
  1512 | D:3      | HP: 4/18 [orc wizard/+0 dagger (2)]
  1517 | D:3      | Reached skill level 5 in Dodging
  1517 | D:3      | Reached XP level 4. HP: 2/22 MP: 0/5
  1696 | D:3      | Found a runed translucent gate.
  1696 | D:3      | Found a runed translucent gate.
  1696 | D:3      | Found a runed translucent gate.
  1777 | D:3      | 1777 ||| FLEEEEING.
  1778 | D:3      | 1778 ||| FLEEEEING.
  1779 | D:3      | 1779 ||| FLEEEEING.
  1780 | D:3      | 1780 ||| FLEEEEING.
  1781 | D:3      | 1781 ||| FLEEEEING.
  1782 | D:3      | 1782 ||| FLEEEEING.
  1783 | D:3      | 1783 ||| FLEEEEING.
  1784 | D:3      | 1784 ||| FLEEEEING.
  1785 | D:3      | 1785 ||| FLEEEEING.
  1786 | D:3      | 1786 ||| FLEEEEING.
  1788 | D:3      | 1788 ||| FLEEEEING.
  1793 | D:3      | 1793 ||| FLEEEEING.
  1796 | D:3      | 1796 ||| FLEEEEING.
  1797 | D:3      | 1797 ||| FLEEEEING.
  1798 | D:3      | 1798 ||| FLEEEEING.
  1799 | D:3      | 1799 ||| FLEEEEING.
  1800 | D:3      | 1800 ||| FLEEEEING.
  1801 | D:3      | 1801 ||| STAIRDANCE
  1810 | D:2      | 1810 ||| UPGRADING to +4 ring of protection.
  1812 | D:2      | 1812 ||| DROPPING ring of protection from cold.
  1992 | D:3      | Noticed Terence
  2001 | D:3      | Killed Terence
  2132 | D:3      | Noticed qw's ghost (amateur GrHu)
  2240 | D:3      | Noticed Jessica
  2241 | D:3      | Reached skill level 6 in Dodging
  2241 | D:3      | Reached XP level 5. HP: 23/25 MP: 0/6
  2244 | D:3      | Killed Jessica
  2534 | D:3      | 2534 ||| READING scroll labelled SYNKIME KIQU.
  2534 | D:3      | 2534 ||| IDENTIFYING green potion
  2635 | D:4      | Noticed Robin
  2643 | D:4      | Noticed Blork the orc
  2648 | D:4      | Killed Robin
  2667 | D:4      | Killed Blork the orc
  2668 | D:4      | Reached XP level 6. HP: 13/30 MP: 0/7
  2782 | D:4      | Noticed Natasha
  2787 | D:4      | 2787 ||| RETREEEEATING.
  2791 | D:4      | Killed Natasha
  2792 | D:4      | Reached skill level 6 in Ranged Weapons
  2800 | D:4      | Noticed Natasha
  2809 | D:4      | Killed Natasha
  2972 | D:4      | Noticed Natasha
  2980 | D:4      | Reached skill level 7 in Dodging
  2985 | D:4      | Killed Natasha
  3071 | D:4      | Reached XP level 7. HP: 31/35 MP: 0/8
  3248 | D:4      | Noticed Menkaure
  3252 | D:4      | Killed Menkaure
  3253 | D:4      | Reached skill level 8 in Dodging
  3495 | D:4      | 3495 ||| DROPPING ring of flight.
  3496 | D:4      | 3496 ||| READING scroll of identify.
  3496 | D:4      | 3496 ||| IDENTIFYING yellow potion
  3497 | D:4      | 3497 ||| READING scroll labelled VAYWORUNIO.
  3498 | D:4      | 3498 ||| DROPPING potion of degeneration.
  3500 | D:4      | 3500 ||| Stepping ~*~*~tactically~*~*~ (cloud).
  3570 | D:5      | Entered Level 5 of the Dungeon
  3644 | D:5      | Identified the +0 leather armour of Filth {Str+2}
  3658 | D:5      | Reached skill level 9 in Dodging
  3718 | D:5      | 3718 ||| RETREEEEATING.
  3719 | D:5      | 3719 ||| RETREEEEATING.
  3720 | D:5      | 3720 ||| RETREEEEATING.
  3726 | D:5      | Reached XP level 8. HP: 35/39 MP: 0/9
  3747 | D:5      | 3747 ||| FLEEEEING.
  3751 | D:5      | 3751 ||| FLEEEEING.
  3757 | D:5      | 3757 ||| FLEEEEING.
  3758 | D:5      | 3758 ||| FLEEEEING.
  3759 | D:5      | 3759 ||| FLEEEEING.
  3760 | D:5      | 3760 ||| FLEEEEING.
  3763 | D:5      | 3763 ||| FLEEEEING.
  3764 | D:5      | 3764 ||| FLEEEEING.
  3765 | D:5      | 3765 ||| FLEEEEING.
  3766 | D:5      | 3766 ||| FLEEEEING.
  3767 | D:5      | 3767 ||| FLEEEEING.
  3768 | D:5      | 3768 ||| FLEEEEING.
  3769 | D:5      | 3769 ||| FLEEEEING.
  3771 | D:5      | 3771 ||| FLEEEEING.
  3772 | D:5      | 3772 ||| FLEEEEING.
  3773 | D:5      | 3773 ||| FLEEEEING.
  3774 | D:5      | 3774 ||| FLEEEEING.
  3775 | D:5      | 3775 ||| FLEEEEING.
  3776 | D:5      | 3776 ||| FLEEEEING.
  3777 | D:5      | 3777 ||| FLEEEEING.
  3778 | D:5      | 3778 ||| FLEEEEING.
  3779 | D:5      | 3779 ||| FLEEEEING.
  3780 | D:5      | 3780 ||| FLEEEEING.
  3781 | D:5      | 3781 ||| FLEEEEING.
  3782 | D:5      | 3782 ||| FLEEEEING.
  3783 | D:5      | 3783 ||| FLEEEEING.
  3784 | D:5      | 3784 ||| FLEEEEING.
  3786 | D:5      | 3786 ||| FLEEEEING.
  3787 | D:5      | 3787 ||| FLEEEEING.
  3844 | D:5      | Found an opulent altar of Gozag.
  3864 | D:5      | You are sucked into a shaft and drop 3 floors!
  3869 | D:8      | 3869 ||| READING scroll of identify.
  3869 | D:8      | 3869 ||| IDENTIFYING smoky sapphire potion
  3870 | D:8      | 3870 ||| DROPPING potion of lignification.
  3887 | D:7      | 3887 ||| RETREEEEATING.
  3888 | D:7      | 3888 ||| RETREEEEATING.
  3890 | D:7      | 3890 ||| RETREEEEATING.
  3905 | D:7      | Reached skill level 3 in Fighting
  3917 | D:7      | HP: 3/40 [orc priest/divine providence (15)]
  3929 | D:7      | HP: 5/40 [orc/+0 short sword (1)]
  3941 | D:7      | HP: 7/40 [ice beast (1)]
  3941 | D:7      | Slain by an ice beast

Levels and vault maps discovered:
D:1:      evilmike_arrival_crescent, layout_basic
D:2:      layout_loops_corners, kennysheep_generic_room_4
D:3:      layout_basic, gammafunk_ghost_icy, uniq_terence, uniq_jessica,
          uniq_crazy_yiuf_cottage
D:4:      layout_loops_ring, uniq_blork_the_orc, uniq_robin, uniq_menkaure,
          uniq_natasha
D:5:      layout_loops_ring, gammafunk_temple_overflow_pools,
          lemuel_round_altar, dk_noncrumbling_4, minivault_4
D:7:      layout_rooms, minmay_temple_entry_poolview, guppyfry_early_elven_hall,
          uniq_jeremiah
D:8:      layout_loops_ring, minmay_ruined_shrine

Skill      XL: |  1  2  3  4  5  6  7  8 |
---------------+-------------------------+-----
Dodging        | 3 4 5 6 7 9 |  9.0
Ranged Weapons | 5 6 7 8 |  8.7
Fighting       | 2 3 |  3.0
Stealth        | |  1.5

Action                     |  1- 3 |  4- 6 |  7- 9 || total
---------------------------+-------+-------+-------++-------
   Fire: Shortbow          |    91 |   158 |   129 ||   378
    Use: Scroll            |     8 |     1 |     3 ||    12
 Armour: Robe              |    14 |    38 |    21 ||    73
  Dodge: Dodged            |    44 |   108 |    57 ||   209

Table legend:
 A = Non-vault XP
 B = Vault XP
 C = Vault XP percentage of total XP
 D = Non-vault monster count
 E = Vault monster count
 F = Vault count percentage of total count
                 A         B        C        D         E       F
            +---------+---------+-------+---------+---------+-------
      Total |    1703 |     405 |  19.2 |      89 |      17 |  16.0
            +---------+---------+-------+---------+---------+-------
        D:1 |      31 |       0 |   0.0 |      18 |       0 |   0.0
        D:2 |      25 |       2 |   7.4 |      10 |       1 |   9.1
        D:3 |     131 |      73 |  35.8 |      19 |       2 |   9.5
        D:4 |     501 |     330 |  39.7 |      20 |      14 |  41.2
        D:5 |     551 |       0 |   0.0 |      10 |       0 |   0.0
        D:7 |     444 |       0 |   0.0 |      10 |       0 |   0.0
        D:8 |      20 |       0 |   0.0 |       2 |       0 |   0.0
            +---------+---------+-------+---------+---------+-------
